 Dungeon Crawl Stone Soup version 0.29.0-7-g18a832c13a (webtiles) character file.

Game seed: 10907237177155998467

203 Arum the Trooper (level 5, 0/55 HPs)
             Began as a Demonspawn Gladiator on Aug 30, 2022.
             Was an Initiate of Dithmenos.
             Succumbed to a scorpion's poison
             ... on level 4 of the Dungeon.
             The game lasted 00:04:27 (3909 turns).

Arum the Trooper (Demonspawn Gladiator)             Turns: 3909, Time: 00:04:27

Health: 0/55       AC:  4    Str: 15    XL:     5   Next: 51%
Magic:  5/5        EV: 12    Int:  9    God:    Dithmenos [......]
Gold:   121        SH:  6    Dex: 16    Spells: 4/4 levels left

rFire   + . .      SeeInvis .   a - +0 long sword
rCold   . . .      Faith    .   i - +2 buckler {reflect}
rNeg    . . .      Spirit   .   b - +0 leather armour
rPois   .          Reflect  +   c - +0 helmet
rElec   .          Harm     .   (no cloak)
rCorr   .          Rampage  .   (no gloves)
Will    .....                   (no boots)
Stlth   ..........              (no amulet)
HPRegen 0.18/turn               (no ring)
MPRegen 0.09/turn               (no ring)

@: berserking (expiring), lethally poisoned (0 -> -3), very quick
A: weakness stinger 2, demonic touch 1, deterioration 1, fire resistance 1,
frail 1
a: Renounce Religion


You were on level 4 of the Dungeon.
You worshipped Dithmenos.
Dithmenos was noncommittal.
You visited 1 branch of the dungeon, and saw 4 of its levels.

You collected 121 gold pieces.

Inventory:

Hand Weapons
 a - a +0 long sword (weapon)
Missiles
 d - 3 throwing nets (quivered)
 e - a javelin
 j - 5 silver javelins
Armour
 b - a +0 leather armour (worn)
 c - a +0 helmet (worn)
 i - a +2 buckler of reflection (worn)
Wands
 m - a wand of flame (20)
Scrolls
 f - 2 scrolls of fear {unknown}
 g - 2 scrolls of identify {unknown}
 k - a scroll of fog {unknown}
 l - 4 scrolls of teleportation {unknown}
 n - a scroll of blinking {unknown}
 o - a scroll of vulnerability {unknown}
 r - a scroll of enchant weapon {unknown}
 s - a scroll of amnesia {unknown}
Potions
 h - a potion of flight {unknown}
 p - a potion of brilliance {unknown}
 q - 3 potions of mutation
 t - a potion of degeneration {unknown}
 u - a potion of berserk rage


   Skills:
 * Level 3.9 Fighting
 + Level 3.5 Long Blades
 - Level 1.7 Throwing
 + Level 3.5 Dodging
 + Level 1.5 Shields
 - Level 0.3 Unarmed Combat


You had 4 spell levels left.
You didn't know any spells.
Your spell library contained the following spells:

 Spells                   Type           Power      Damage    Failure   Level
 Apportation              Tloc           0%         N/A       56%         1
 Necrotise                Necr           0%         1d4       56%         1
 Summon Small Mammal      Summ           0%         N/A       56%         1
 Scorch                   Fire           0%         2d5       71%         2
 Flame Wave               Conj/Fire      0%         2d4       100%        4
 Summon Cactus Giant      Summ           0%         N/A       100%        6


Dungeon Overview and Level Annotations

Branches:
Dungeon (4/15)
 Temple: D:4-7

Altars:
Dithmenos
Hepliaklqana
Uskayaw

Shops:
D:3 (

Annotations:
D:3 1 runed translucent door, Dominolapin's ghost, amateur DrFE


Innate Abilities, Weirdness & Mutations

You have a tail ending in a sharp stinger.
Your touch may inflict minor irresistible damage on your foes.
Your body sometimes deteriorates upon taking damage.
Your flesh is heat resistant. (rF+)
You are frail. (-10% HP)


Message History

You are too injured to fight recklessly!
You are too injured to fight recklessly!
You barely miss the scorpion.
Your tail-slap misses the scorpion.
The scorpion is severely wounded.
You feel very sick. The scorpion stings you.
You barely miss the scorpion.
You tail-slap the scorpion, but do no damage.
The scorpion is severely wounded.
* * * LOW HITPOINT WARNING * * *
You feel very sick. The scorpion stings you.
* * * LOW HITPOINT WARNING * * *
The scorpion closely misses you.
It was a potion of mutation.
You feel extremely strange.
You feel yourself wasting away.
You feel resistant to heat.
You feel frail.
* * * LOW HITPOINT WARNING * * *
You feel sick. You block the scorpion's attack.
Unknown command.
It was a potion of berserk rage.
A red film seems to cover your vision as you go berserk!
You feel yourself moving faster!
You feel mighty!
* * * LOW HITPOINT WARNING * * *
You feel sick. The scorpion stings you.
* * * LOW HITPOINT WARNING * * *
You are too berserk!
Unknown command.
You are too berserk!
You are too berserk!
You slash the scorpion!
You kill the scorpion!
Dithmenos accepts your kill.
* * * LOW HITPOINT WARNING * * *
You feel sick.
* * * LOW HITPOINT WARNING * * *
You feel sick.
You feel a strong urge to attack something.
* * * LOW HITPOINT WARNING * * *
You feel sick.
You die...

#.## #.#
##.#.######.#
#.###........
#..#.###.####
#.#.## #.#.#
#.#.####.###
#.#.........
#.@.....>...
#..#####....
#..# ... #..#
. #..# #..#
#... #.## #.


There were no monsters in sight!

Vanquished Creatures
  2 scorpions (D:4)
  A gnoll (D:1)
  3 adders
  A dart slug (D:1)
  2 orcs (D:3)
  6 bats
  5 endoplasms
  5 giant cockroaches
  4 hobgoblins
  4 quokkas
  2 frilled lizards (D:1)
  3 goblins
  4 kobolds
  4 rats
46 creatures vanquished.

Vanquished Creatures (others)
  4 plants (D:1)
4 creatures vanquished.

Grand Total: 50 creatures vanquished

Notes
Turn   | Place    | Note
-------+----------+-------------------------------------------
     0 | D:1      | Arum the Demonspawn Gladiator began the quest for the Orb.
     0 | D:1      | Reached XP level 1. HP: 16/16 MP: 1/1
   379 | D:1      | Discovered your monstrous ancestry.
   379 | D:1      | Gained mutation: Your touch may inflict minor irresistible
                  | damage on your foes. [demonic ancestry]
   379 | D:1      | Reached XP level 2. HP: 21/22 MP: 2/2
  1026 | D:1      | Gained mutation: You have a small tail. [demonic ancestry]
  1026 | D:1      | Reached XP level 3. HP: 3/28 MP: 3/3
  1840 | D:2      | Found a faded altar of an unknown god.
  2425 | D:3      | Noticed a +0 dagger
  2426 | D:3      | Noticed a +0 hand axe
  2429 | D:3      | Found a hide-covered altar of Uskayaw.
  2440 | D:3      | Reached XP level 4. HP: 35/35 MP: 4/4
  2497 | D:3      | Found a hazy altar of Hepliaklqana.
  2498 | D:3      | Found a shadowy altar of Dithmenos.
  2498 | D:3      | Noticed a shadow
  2503 | D:3      | Became a worshipper of Dithmenos the Shadowed
  2512 | D:3      | Found a runed translucent door.
  2513 | D:3      | Noticed a water moccasin
  2514 | D:3      | Noticed Dominolapin's ghost (amateur DrFE)
  2813 | D:3      | Found Zovvoph's Weapon Shop.
  3663 | D:4      | Reached skill level 1 in Shields
  3663 | D:4      | Noticed a scorpion
  3670 | D:4      | Killed a scorpion
  3671 | D:4      | Gained mutation: You have a tail ending in a sharp stinger.
                  | [demonic ancestry]
  3671 | D:4      | Reached XP level 5. HP: 16/41 MP: 5/5
  3904 | D:4      | Gained mutation: Your body sometimes deteriorates upon
                  | taking damage. [potion of mutation]
  3904 | D:4      | Gained mutation: Your flesh is heat resistant. (rF+)
                  | [potion of mutation]
  3904 | D:4      | Gained mutation: You are frail. (-10% HP) [potion of
                  | mutation]
  3907 | D:4      | HP: 2/55 [poisoned by a scorpion]
  3909 | D:4      | Succumbed to a scorpion's poison

Illustrated notes

Levels and vault maps discovered:
D:1:      giann_bridges, layout_loops_ring, serial_forest,
          infiniplex_forest_clump_tiny, infiniplex_forest_straight_4,
          infiniplex_forest_clump_small, infiniplex_forest_straight_1,
          infiniplex_forest_corner_1, infiniplex_forest_clump_medium,
          infiniplex_forest_split, infiniplex_forest_lined_2
D:2:      layout_loops_ring, hellmonk_ecumenical_altar_run_dry
D:3:      layout_loops_corners, riverfiend_overflow_shadow_ancestor,
          dancing_weapons_uskayaw, serial_shops, nicolae_shop_hallway_stairs,
          ebering_ghost_inner_flame
D:4:      layout_loops_ring, okawaru_altar_gauntlet_db,
          mainiacjoe_overflow_surrounded_room, slow_altar_1,
          minmay_temple_entry_large_hall, serial_shops, nicolae_shop_crystal

Skill      XL: |  1  2  3  4 |
---------------+-------------+-----
Long Blades    | 3 |  3.5
Dodging        | 3 |  3.5
Fighting       | 3 |  3.9
Shields        | 1 |  1.5
Throwing       | |  1.7
Unarmed Combat | |  0.3

Action                   |  1- 3 |  4- 6 || total
-------------------------+-------+-------++-------
Melee: Long sword        |   107 |    36 ||   143
       Touch             |     5 |       ||     5
       Tailslap          |     4 |     5 ||     9
  Use: Potion            |       |     2 ||     2
 Stab: Sleeping          |     3 |     1 ||     4
Armor: Leather armour    |    24 |     3 ||    27
Dodge: Dodged            |    60 |    18 ||    78
Block: Buckler           |    20 |    10 ||    30
